 Dungeon Crawl Stone Soup version 0.21-a0-460-g737a915 (webtiles) character file.

15870 4thArraOfDagon the Martial Artist (level 12, -6/93 HPs)
             Began as a Demonspawn Hunter on Nov 20, 2017.
             Was a Priest of Lugonu.
             Mangled by a komodo dragon (21 damage)
             ... on level 1 of the Lair of Beasts.
             The game lasted 00:52:55 (9014 turns).

4thArraOfDagon the Martial Artist (DsHu)            Turns: 9014, Time: 00:52:55

Health: -6/93      AC:  8    Str: 12 (13) XL:     12   Next: 5%
Magic:  25/29      EV: 16    Int: 16 (18) God:    Lugonu [***...]
Gold:   562        SH:  0    Dex: 16 (18) Spells: 11/11 levels left

rFire    . . .     SeeInvis +     - Unarmed
rCold    + . .     Gourm    .   (no shield)
rNeg     . . .     Faith    +   H - +1 scale mail {rPois}
rPois    +         Spirit   .   (helmet unavailable)
rElec    .         Reflect  .   v - +0 cloak
rCorr    .         Harm     .   (no gloves)
MR       +....                  (no boots)
Stlth    +.........             e - amulet of faith
HPRegen  1.25/turn              p - ring of magical power
MPRegen  0.21/turn              h - ring of poison resistance

@: agile
A: antennae 3, claws 1, talons 2, blink, cold resistance 1, magic resistance 1,
powered by death 2
a: Blink, Depart the Abyss, Bend Space, Banish, Renounce Religion


You were on level 1 of the Lair of Beasts.
You worshipped Lugonu.
Lugonu was most pleased with you.
You were hungry.

You visited 3 branches of the dungeon, and saw 18 of its levels.
You also visited: Labyrinth and Bailey.

You collected 1086 gold pieces.
You spent 524 gold pieces at shops.

Inventory:

Hand Weapons
 a - a +0 short sword
 g - a +2 war axe of electrocution
 j - the +8 mace of Variability {chaos}
   (You found it on level 13 of the Dungeon)

   Each time it hits an enemy it has a different, random effect.
Missiles
 s - 4 curare-tipped needles
 u - 37 tomahawks of returning
 y - 2 throwing nets
 z - 4 tomahawks (quivered)
 A - 3 javelins
Armour
 v - a +0 cloak (worn)
 B - the +1 ring mail of Veitamee {rN+}
   (You found it on level 10 of the Dungeon)

   It protects you from negative energy.
 H - a +1 scale mail of poison resistance (worn)
Magical Staves
 d - an uncursed staff of summoning {unknown}
 n - an uncursed staff of conjuration {unknown}
 x - an uncursed staff of air {unknown}
Jewellery
 e - an amulet of faith (around neck)
 h - a ring of poison resistance (right claw)
 p - a ring of magical power (left claw)
Wands
 b - a wand of flame (49)
 m - a wand of disintegration (9)
 E - a wand of digging (12)
Scrolls
 c - 2 scrolls of fog
 k - 3 scrolls of teleportation
 l - a scroll of blinking
 o - a scroll of enchant weapon
 q - a scroll of vulnerability {unknown}
Potions
 i - a potion of brilliance
 t - 4 potions of mutation
 w - a potion of agility
 D - a potion of berserk rage
 F - a potion of haste
 G - a potion of might
Miscellaneous
 I - a lamp of fire (inert)
Comestibles
 f - 4 bread rations
 r - 3 meat rations
 J - 4 chunks of flesh


   Skills:
 + Level 8.2 Fighting
 - Level 4.2 Throwing
 - Level 4.2 Dodging
 - Level 0.8 Stealth
 * Level 13.5 Unarmed Combat
 - Level 11.0 Invocations


You had 11 spell levels left.
You didn't know any spells.

Dungeon Overview and Level Annotations

Branches:
Dungeon (15/15)            Temple (0/1) D:6            Lair (1/6) D:11
    Orc (2/2) D:10
    Elf: Orc:2       Vaults: D:13-14     Depths: D:15

Altars:
Fedhas
Gozag
Okawaru
Qazlal
Ru
Sif Muna
Vehumet
Xom
Yredelemnul
Lugonu

Shops:
D:7 %   D:10 *[![   Orc:1 (

Annotations:
D:3 Grinder
D:7 4thArraOfDagon's ghost, novice DsHu
D:10 Gastronok; Harold
Abyss:1 Sonja


Innate Abilities, Weirdness & Mutations

You have a pair of large antennae on your head. (SInv)
You have sharp fingernails.
You have razor-sharp toenails.
You regenerate health from kills.
You can translocate small distances at will.
Your flesh is cold resistant. (rC+)
You are resistant to hostile enchantments. (MR+)


Message History

The komodo dragon bites you!
* * * LOW HITPOINT WARNING * * *
The porcupine closely misses you.
Unknown command.
Unknown command.
It was a potion of degeneration.
There was something very wrong with that liquid.
You feel weakened.
You feel dopey.
You feel clumsy.
The komodo dragon is engulfed in blazing flames.
The komodo dragon barely misses you. The porcupine barely misses you.
The blink frog blinks!
Unknown command.
Press: ? - help, Shift-Dir - straight line, f - komodo dragon
Aim: a komodo dragon (flame, moderately wounded, chance to defeat MR: 75%)
The komodo dragon struggles to resist.
You feel somewhat more hungry.
The blink frog blinks!
The porcupine bites you.
* * * LOW HITPOINT WARNING * * *
The komodo dragon is engulfed in blazing flames.
The komodo dragon bites you!!
You die...

,,**,*,* *,**,,**
*,,**,* ,,,*,,*
**,*,** ,,,*,*
,,,*,** ,,,,,,*
#########
...#.#####§.t.Fr@#
..........F§...l.#
..........†.§§.F.#
.........#÷..§§..#
......PP#.P......#
...F..##P......(.#
..........#......#
........#.##.....#
.......####....†.#


You could see a komodo dragon, 3 blink frogs, a crocodile and a porcupine.

Vanquished Creatures
  2 two-headed ogres
  An unseen horror (D:10)
  A deep elf mage (D:15)
  An orc knight (Bailey)
  A yaktaur (D:15)
  2 gargoyles (D:13)
  A troll (Orc:1)
  A polar bear (Lair:1)
  2 blink frogs (Lair:1)
  A meliai zombie (D:15)
  2 hippogriffs (Lair:1)
  A wyvern (D:11)
  2 shadows (Lab)
  A wraith (D:11)
  7 yaks
  2 water moccasins
  9 orc warriors
  A phantom (D:10)
  An eye of draining (D:11)
  2 ice beasts (D:13)
  A black bear (Lair:1)
  3 ogres
  2 centaurs
  A crocodile (Lair:1)
  7 bullfrogs
  A gnoll sergeant (D:6)
  A scorpion (D:13)
  12 wights
  A howler monkey (D:4)
  6 crimson imps
  4 centaur zombies
  5 orc priests
  A jelly (D:9)
  3 hounds
  9 orc wizards
  2 bullfrog skeletons
  5 centaur skeletons
  An iguana (D:4)
  Ijyb (D:3)
  A worker ant (D:12)
  2 howler monkey zombies
  8 adders
  6 gnolls
  A shadow imp (D:6)
  An ooze (D:3)
  An adder skeleton (D:9)
  2 worms
  2 dart slugs
  A leopard gecko (D:1)
  47 orcs
  2 ball pythons
  3 giant cockroaches
  8 goblins
  10 hobgoblins
  4 jackals
  3 bats
  3 frilled lizards
  2 jackal skeletons
  19 kobolds
  A quokka zombie (D:8)
  7 rats
  2 plants (D:10)
243 creatures vanquished.

Vanquished Creatures (others)
  A minotaur (Lab)
  3 two-headed ogres
  An unseen horror (D:10)
  A manticore (D:14)
  2 orc sorcerers
  2 cyclopes
  A gargoyle (D:13)
  An efreet (D:13)
  A hornet (D:13)
  A yak (D:12)
  2 chaos spawn (D:13)
  A sky beast (D:9)
  5 orc warriors
  An ice beast (D:8)
  An ogre (D:8)
  A bullfrog (D:6)
  2 scorpions (D:8)
  An orc priest (D:3)
  A worker ant (D:4)
29 creatures vanquished.

Grand Total: 272 creatures vanquished

Notes
Turn   | Place    | Note
-------+----------+-------------------------------------------
     0 | D:1      | 4thArraOfDagon the Demonspawn Hunter began the quest for the Orb.
     0 | D:1      | Reached XP level 1. HP: 16/16 MP: 1/1
    94 | D:1      | Gained mutation: You have a pair of small antennae on your head. [demonic ancestry]
    94 | D:1      | Reached XP level 2. HP: 20/22 MP: 2/2
   185 | D:2      | Found a faded altar of an unknown god.
   193 | D:2      | Became a worshipper of Lugonu the Unformed
   193 | D:2      | Reached * piety under Lugonu
   193 | D:2      | Reached ** piety under Lugonu
   194 | D:2      | heh
   487 | D:2      | Reached skill level 1 in Invocations
   539 | D:1      | Reached skill level 1 in Unarmed Combat
   539 | D:1      | Reached XP level 3. HP: 17/27 MP: 3/3
   859 | D:3      | Gained mutation: You are resistant to hostile enchantments. (MR+) [potion of mutation]
   859 | D:3      | Gained mutation: Your flesh is cold resistant. (rC+) [potion of mutation]
   859 | D:3      | Gained mutation: You can translocate small distances at will. [potion of mutation]
   874 | D:3      | Reached skill level 2 in Unarmed Combat
   874 | D:3      | Gained mutation: You have sharp fingernails. [demonic ancestry]
   874 | D:3      | Reached XP level 4. HP: 10/33 MP: 5/5
  1067 | D:3      | Noticed Ijyb
  1089 | D:3      | Killed Ijyb
  1115 | D:3      | Found an opulent altar of Gozag.
  1147 | D:3      | Reached *** piety under Lugonu
  1418 | D:3      | Reached skill level 3 in Unarmed Combat
  1459 | D:3      | Reached XP level 5. HP: 24/38 MP: 6/6
  1648 | D:3      | Noticed Grinder
  1714 | D:4      | Found a deep blue altar of Sif Muna.
  1896 | D:4      | Reached skill level 4 in Unarmed Combat
  1998 | D:4      | Found an iron altar of Okawaru.
  2072 | D:4      | Reached XP level 6. HP: 26/44 MP: 7/7
  2142 | D:5      | Entered Level 5 of the Dungeon
  2145 | D:5      | Got a smoking leather armour
  2339 | D:6      | Found a sacrificial altar of Ru.
  2412 | D:6      | Reached skill level 5 in Unarmed Combat
  2529 | D:6      | Found a staircase to the Ecumenical Temple.
  2551 | D:6      | Identified the cursed +1 leather armour of Sif Muna's Delight {rElec Str+2} (You found it on level 5 of the Dungeon)
  2747 | D:6      | Reached skill level 6 in Unarmed Combat
  2747 | D:6      | Gained mutation: You have a pair of antennae on your head. [demonic ancestry]
  2747 | D:6      | Reached XP level 7. HP: 24/50 MP: 8/8
  2825 | D:6      | Found a stormy altar of Qazlal.
  2826 | D:6      | Found a blossoming altar of Fedhas.
  2827 | D:6      | Found a shimmering altar of Xom.
  3558 | D:7      | Noticed 4thArraOfDagon's ghost (novice DsHu)
  3595 | D:6      | Reached skill level 7 in Unarmed Combat
  3683 | D:7      | Found a blossoming altar of Fedhas.
  3768 | D:7      | Found Keonum's Food Shop.
  3956 | D:8      | Gained mutation: You regenerate a little health from kills. [demonic ancestry]
  3956 | D:8      | Reached XP level 8. HP: 48/56 MP: 10/11
  4124 | D:8      | Reached skill level 8 in Unarmed Combat
  4250 | D:8      | Reached skill level 5 in Invocations
  4264 | D:8      | Identified a scroll of acquirement
  4265 | D:8      | Got a pair of smoking boots
  4279 | D:8      | Identified the +0 pair of boots "Fipicug" {Dex+3} (You acquired it on level 8 of the Dungeon)
  4299 | D:8      | Found a basalt altar of Yredelemnul.
  4577 | D:10     | Entered Level 10 of the Dungeon
  4578 | D:10     | Banished an unseen horror
  4578 | D:10     | Reached skill level 9 in Unarmed Combat
  4721 | D:9      | Gained mutation: You have a pair of large antennae on your head. (SInv) [demonic ancestry]
  4721 | D:9      | Reached XP level 9. HP: 36/61 MP: 14/14
  4912 | D:10     | Noticed an unseen horror
  4931 | D:10     | Killed an unseen horror
  4931 | D:10     | Reached skill level 10 in Unarmed Combat
  4957 | D:10     | Found a staircase to the Orcish Mines.
  4958 | D:10     | Noticed Gastronok
  5058 | D:11     | Noticed a cyclops
  5059 | D:11     | Banished a cyclops
  5174 | D:12     | Gained mutation: You have sharp toenails. [demonic ancestry]
  5174 | D:12     | Reached XP level 10. HP: 12/73 MP: 16/16
  5187 | D:12     | HP: 3/73 [yak (1)]
  5520 | D:13     | Reached skill level 11 in Unarmed Combat
  5527 | D:13     | Found a flagged portal.
  5534 | Bailey   | Entered a bailey
  5543 | Bailey   | Noticed an orc knight
  5700 | Bailey   | Killed an orc knight
  5700 | Bailey   | Reached skill level 5 in Fighting
  5987 | D:14     | Noticed a vault guard
  5989 | D:14     | Noticed a vault guard
  6023 | D:13     | Noticed a gargoyle
  6039 | D:13     | Killed a gargoyle
  6082 | D:13     | HP: 1/74 [chaos spawn (11)]
  6293 | D:13     | Found the +8 mace of Variability {chaos}
  6293 | D:13     | Found a shimmering altar of Xom.
  6374 | D:13     | Noticed a two-headed ogre
  6376 | D:13     | Banished a two-headed ogre
  6376 | D:13     | Reached skill level 10 in Invocations
  6380 | D:13     | Noticed a gargoyle
  6394 | D:13     | Killed a gargoyle
  6422 | D:13     | Noticed a gargoyle
  6438 | D:13     | Banished a gargoyle
  6454 | D:13     | Noticed a cyclops
  6456 | D:13     | Banished a cyclops
  6694 | D:13     | Gained mutation: You have razor-sharp toenails. [demonic ancestry]
  6694 | D:13     | Reached XP level 11. HP: 57/81 MP: 18/18
  6786 | D:15     | Entered Level 15 of the Dungeon
  6814 | D:15     | Noticed a deep elf mage
  6840 | D:15     | Reached skill level 12 in Unarmed Combat
  6845 | D:15     | Killed a deep elf mage
  7059 | D:14     | Noticed a vault guard
  7180 | D:12     | Noticed a two-headed ogre
  7209 | D:12     | Killed a two-headed ogre
  7317 | D:11     | Found a staircase to the Lair.
  7607 | D:10     | Found Lenusch's Distillery.
  7609 | D:10     | Found Kuvvajafo's Armour Shop.
  7619 | D:10     | Noticed Sonja
  7620 | D:10     | Banished Sonja
  7623 | D:10     | Bought a potion of berserk rage for 70 gold pieces
  7623 | D:10     | Bought a potion of lignification for 42 gold pieces
  7623 | D:10     | Bought a potion of lignification for 42 gold pieces
  7623 | D:10     | Bought a potion of haste for 140 gold pieces
  7623 | D:10     | Bought a potion of might for 56 gold pieces
  7627 | D:10     | Bought a +1 scale mail of poison resistance for 143 gold pieces
  7780 | D:10     | Found Ynwi's Armour Shop.
  7877 | D:10     | Found Astrask's Assorted Antiques.
  7883 | D:10     | Bought a scroll labeled PIWNIOSEFONN for 31 gold pieces
  7960 | D:10     | Got a faintly glowing ring mail
  8003 | D:10     | Identified the +1 ring mail of Veitamee {rN+} (You found it on level 10 of the Dungeon)
  8085 | Orc:1    | Entered Level 1 of the Orcish Mines
  8085 | Orc:1    | Found Kaapyn's Antique Weapon Emporium.
  8087 | Orc:1    | Noticed a two-headed ogre
  8090 | Orc:1    | Banished a two-headed ogre
  8123 | Orc:1    | Noticed a two-headed ogre
  8123 | Orc:1    | Banished a two-headed ogre
  8134 | Orc:1    | Found a radiant altar of Vehumet.
  8178 | Orc:1    | Noticed an orc sorcerer
  8197 | Orc:1    | Banished an orc sorcerer
  8415 | Orc:2    | Entered Level 2 of the Orcish Mines
  8530 | Orc:2    | Noticed an orc sorcerer
  8531 | Orc:2    | Banished an orc sorcerer
  8552 | Orc:2    | Noticed a two-headed ogre
  8553 | Orc:2    | Noticed an ogre mage
  8575 | Orc:2    | Banished a two-headed ogre
  8575 | Orc:2    | Reached skill level 13 in Unarmed Combat
  8580 | Orc:2    | Noticed a two-headed ogre
  8584 | Orc:2    | Noticed a two-headed ogre
  8594 | Orc:1    | Killed a two-headed ogre
  8649 | D:10     | Noticed Harold
  8708 | Lair:1   | Entered Level 1 of the Lair of Beasts
  8779 | Lair:1   | Found a labyrinth entrance.
  8792 | Lab      | Entered a labyrinth
  8910 | Lab      | Noticed a minotaur
  8910 | Lab      | Banished a minotaur
  8951 | Lair:1   | Gained mutation: You regenerate health from kills. [demonic ancestry]
  8951 | Lair:1   | Reached XP level 12. HP: 92/92 MP: 20/20
  8970 | Lair:1   | :OH
  9014 | Lair:1   | Mangled by a komodo dragon

Vault maps used:
D:1:      evilmike_arrival_hilbert_curve
D:2:      chequers_ecumenical_altar_simple_redux, palyth_stone_intersect
D:3:      tso_altar, trog_eyes_of_draining, grunt_gozag_statues, uniq_grinder,
          uniq_ijyb
D:4:      lemuel_round_altar, first_bread, okawaru_trees_1
D:6:      gammafunk_temple_overflow_claw, minmay_temple_entry_glassed_door,
          hangedman_ru_absence
D:7:      serial_shops, shop, minivault_1, grunt_livestock, tgw_fedhas
D:8:      grunt_temple_overflow_open, kennysheep_little_box, uniq_erica,
          uniq_joseph, uniq_grum
D:9:      grunt_decor_cap
D:10:     minmay_weird_star, serial_shops, shop, shop, kennysheep_mini_moat,
          shop, nicolae_shop_stone, roderic_lattice_a, uniq_gastronok,
          uniq_harold, uniq_sonja
D:11:     lair_entry_dummy
D:12:     billiards_dpeg
D:13:     enter_bailey_2, minmay_guarded_unrand_variability
D:14:     erik_vaults_2, corexii_leaking_fountain
D:15:     grunt_enter_depths_hoard, nicolae_benzene_ring
Lair:1:   lab_entry_generic, beast_lair_carwin_4, grunt_megastairs_5,
          lemuel_fruit_fields, serial_bayou_shore_b
Orc:1:    serial_shops, shop, lemuel_statue_altar
Orc:2:    st_orc_congregation, uniq_snorg, uniq_erolcha
Lab:      nicolae_lab_dead_adventurers, labyrinth_skeletal_remains,
          nicolae_lab_grate_2, nicolae_lab_quarters, nicolae_lab_starburst,
          nicolae_lab_t_cross, nicolae_lab_checkerboard, nicolae_lab_dead_end,
          nicolae_lab_arrow, nicolae_lab_diamond, nicolae_lab_blocks, lab_hedge
Bailey:   bailey_axe_4, bailey

Skill      XL: |  1  2  3  4  5  6  7  8  9 10 11 |
---------------+----------------------------------+-----
Throwing       | 4 |  4.2
Invocations    | 1 2 4 6 8 10 11 | 11.0
Unarmed Combat | 1 2 3 4 6 7 9 10 11 13 | 13.5
Fighting       | 4 6 8 |  8.2
Dodging        | 3 4 |  4.2
Stealth        | |  0.8

Action                   |  1- 3 |  4- 6 |  7- 9 | 10-12 || total
-------------------------+-------+-------+-------+-------++-------
Melee: Short sword       |    62 |       |       |       ||    62
       Unarmed           |    41 |   274 |   334 |   445 ||  1094
       Punch             |       |     3 |     7 |    21 ||    31
       Kick              |       |       |       |    89 ||    89
Throw: Tomahawk          |    13 |     1 |     3 |   110 ||   127
       Javelin           |    10 |    42 |    16 |       ||    68
       Throwing net      |     1 |     1 |       |       ||     2
Invok: Banish            |       |     3 |    11 |    28 ||    42
       Bend Space        |       |       |       |     1 ||     1
Evoke: Wand              |       |     9 |     4 |    18 ||    31
       Lamp of fire      |       |       |       |     1 ||     1
  Use: Potion            |     3 |     2 |     1 |     9 ||    15
       Scroll            |       |     8 |     7 |    11 ||    26
 Stab: Held in net/web   |       |     1 |       |       ||     1
       Confused          |       |       |     1 |     1 ||     2
  Eat: Fruit             |     1 |     3 |     3 |     6 ||    13
       Royal jelly       |       |     1 |     1 |     1 ||     3
       Chunk             |       |     2 |     9 |     8 ||    19
       Meat ration       |       |       |       |     1 ||     1
Armor: Leather armour    |     9 |       |       |       ||     9
       Plate armour      |    55 |   227 |   216 |   126 ||   624
       Chain mail        |     5 |       |       |       ||     5
       Skin              |       |       |     6 |    22 ||    28
       Scale mail        |       |       |       |    37 ||    37
Dodge: Dodged            |    38 |    28 |    40 |   102 ||   208

Table legend:
 A = Spawn XP
 B = Non-spawn XP
 C = Spawn XP percentage of total XP
 D = Spawn monster count
 E = Non-spawn monster count
 F = Spawn count percentage of total count
 G = Total turns spent on level
                    A         B        C        D         E        F      G
               +---------+---------+-------+---------+---------+-------+---------
         Total |       0 |   22672 |   0.0 |       0 |     272 |   0.0 |  9014
               +---------+---------+-------+---------+---------+-------+---------
           D:1 |       0 |      24 |   0.0 |       0 |      14 |   0.0 |   354
           D:2 |       0 |      50 |   0.0 |       0 |      13 |   0.0 |   608
           D:3 |       0 |     193 |   0.0 |       0 |      30 |   0.0 |   673
           D:4 |       0 |     144 |   0.0 |       0 |      12 |   0.0 |   518
           D:5 |       0 |      45 |   0.0 |       0 |       2 |   0.0 |   142
           D:6 |       0 |     665 |   0.0 |       0 |      15 |   0.0 |  1147
           D:7 |       0 |     160 |   0.0 |       0 |       6 |   0.0 |   371
           D:8 |       0 |     664 |   0.0 |       0 |      23 |   0.0 |   531
           D:9 |       0 |     869 |   0.0 |       0 |      13 |   0.0 |   497
          D:10 |       0 |    3476 |   0.0 |       0 |      23 |   0.0 |   747
          D:11 |       0 |    1220 |   0.0 |       0 |      17 |   0.0 |   477
          D:12 |       0 |    1974 |   0.0 |       0 |      11 |   0.0 |   484
          D:13 |       0 |    3523 |   0.0 |       0 |      20 |   0.0 |   798
          D:14 |       0 |     369 |   0.0 |       0 |       3 |   0.0 |   207
          D:15 |       0 |    1226 |   0.0 |       0 |       3 |   0.0 |   240
        Lair:1 |       0 |    1820 |   0.0 |       0 |       9 |   0.0 |   160
         Orc:1 |       0 |    3414 |   0.0 |       0 |      26 |   0.0 |   449
         Orc:2 |       0 |     725 |   0.0 |       0 |       2 |   0.0 |   113
           Lab |       0 |     949 |   0.0 |       0 |       3 |   0.0 |   146
        Bailey |       0 |    1162 |   0.0 |       0 |      27 |   0.0 |   352
               +---------+---------+-------+---------+---------+-------+---------
